[Event "Team 45 45 League T36"]
[Site "Internet Chess Club"]
[Date "2008.03.16"]
[Round "8"]
[White "rkrush"]
[Black "WannaB"]
[Result "1-0"]
[WhiteElo "1235"]
[BlackElo "951"]
[Opening "Sicilian defense"]
[ECO "B20"]
[Time "16:00:51"]
[TimeControl "2700+45"]

1. e4 c5 2. Bc4 d6 3. Nf3 e6 4. Nc3 Be7 5. O-O Nf6 6. d3 O-O 7. Re1 a6 8. a4 Nc6
9. Bd2 b6 10. Ne2 e5 11. Ng3 Bg4 12. h3 Bxf3 13. Qxf3 Nd4 14. Qd1 d5 15. exd5
Bd6 16. c3 b5 17. cxd4 bxc4 18. dxe5 Bxe5 19. Rxe5 Nd7 20. Re4 cxd3 21. Qf3 Rb8
22. b4 cxb4 23. Rxb4 Rxb4 24. Bxb4 Re8 25. Qxd3 a5 26. Bc3 Nc5 27. Qd4 Nb3 28.
Qxg7# {Black checkmated} 1-0

[Event "Team 45 45 League T36"]
[Site "Internet Chess Club"]
[Date "2008.03.16"]
[Round "8"]
[White "CSCARChaplain"]
[Black "smcintyr11"]
[Result "1/2-1/2"]
[WhiteElo "777"]
[BlackElo "1226"]
[Opening "Scotch opening"]
[ECO "C44"]
[Time "15:06:44"]
[TimeControl "2700+45"]

1. e4 e5 2. Nf3 Nc6 3. d4 d6 4. Be2 Nf6 5. Nc3 Be7 6. O-O O-O 7. d5 Nb4 8. Re1
c6 9. Bg5 Qb6 10. Bxf6 Bxf6 11. Bc4 cxd5 12. exd5 Bg4 13. Bb3 Rfe8 14. Ne4 Bxf3
15. Qxf3 Qd8 16. Nxf6+ Qxf6 17. Qxf6 gxf6 18. a3 Na6 19. Re3 Rac8 20. Rg3+ Kh8
21. Rc1 Nc5 22. Kf1 Nxb3 23. Rxb3 b6 24. c3 f5 25. Ke2 f4 26. Kf3 f5 27. g3 e4+
28. Kxf4 Rf8 29. c4 Kg7 30. Rbc3 Kf6 31. b4 a5 32. R1c2 Ra8 33. b5 h5 34. h4 Rg8
35. Ke3 Rg4 36. Kd4 Rc8 37. a4 Rc5 38. Re3 Rc8 39. Rcc3 Rc5 40. Ra3 {Game drawn
by mutual agreement} 1/2-1/2

[Event "Team 45 45 League T36"]
[Site "Internet Chess Club"]
[Date "2008.03.17"]
[Round "8"]
[White "Rhel"]
[Black "civilization"]
[Result "0-1"]
[WhiteElo "1483"]
[BlackElo "1566"]
[Opening "Grünfeld with e3 & Qb3"]
[ECO "D95"]
[Time "15:38:59"]
[TimeControl "2700+45"]

1. d4 Nf6 2. c4 g6 3. Nc3 d5 4. Nf3 Bg7 5. e3 O-O 6. Qb3 c6 7. cxd5 Nxd5 8. Nxd5
cxd5 9. Bd2 b6 10. Rc1 Bb7 11. Bd3 Nd7 12. O-O Nf6 13. Bb4 Re8 14. Rc2 Rc8 15.
Rfc1 Rxc2 16. Rxc2 Nd7 17. Qc3 e5 18. dxe5 Nxe5 19. Nxe5 Bxe5 20. Qb3 Qh4 21. g3
Qg4 22. Be2 Qd7 23. Bc3 Bxc3 24. Rxc3 Rc8 25. Rxc8+ Qxc8 26. Bf3 Qc5 27. Qc3
Qxc3 28. bxc3 Kg7 29. Kf1 Kf6 30. Ke2 Ke5 31. Kd3 h6 32. h4 g5 33. hxg5 hxg5 34.
Bh5 Ba6+ 35. Kc2 f6 36. Bg6 g4 37. Bh5 f5 38. Be8 Bc4 39. a3 a5 40. a4 Ke4 41.
Bd7 Bd3+ 42. Kd2 Bc4 43. Kc2 Bf1 44. Kd2 Bg2 45. Be6 Bh3 46. Ke2 Bg2 47. Kd2 Bf1
48. Bd7 Ba6 49. Kc2 Be2 50. Kd2 Kf3 51. Bxf5 Kxf2 52. Be6 Bf3 53. c4 dxc4 54.
Bxc4 Kxg3 55. Be2 Bxe2 56. Kxe2 Kh2 {White resigns} 0-1

[Event "Team 45 45 League T36"]
[Site "Internet Chess Club"]
[Date "2008.03.18"]
[Round "8"]
[White "EyeAm"]
[Black "CLEAN"]
[Result "0-1"]
[WhiteElo "1386"]
[BlackElo "1296"]
[Opening "two knights defense: Pincus variation"]
[ECO "C57"]
[Time "18:12:02"]
[TimeControl "2700+45"]

1. e4 e5 2. Nf3 Nc6 3. Bc4 Nf6 4. Ng5 d5 5. exd5 Nxd5 6. d4 Bb4+ 7. c3 Ba5 8.
dxe5 Nce7 9. O-O O-O 10. Na3 c6 11. Nc2 b5 12. Bd3 h6 13. Bh7+ Kh8 14. Bd3 Bf5
15. Ne4 Bc7 16. Ne3 Nxe3 17. Bxe3 Bxe5 18. Qd2 Re8 19. f4 Bc7 20. Rad1 Nd5 21.
Rde1 Bxe4 22. Bxe4 Rxe4 23. Bd4 Rxe1 24. Qxe1 Nxf4 25. Qd1 Qg5 26. g3 Re8 27.
Kh1 Qd5+ {White forfeits on time} 0-1

[Event "Team 45 45 League T36"]
[Site "Internet Chess Club"]
[Date "2008.03.16"]
[Round "8"]
[White "supraholic"]
[Black "Hastings"]
[Result "1-0"]
[WhiteElo "1292"]
[BlackElo "1236"]
[Opening "French defense"]
[ECO "C00"]
[Time "15:06:21"]
[TimeControl "2700+45"]

1. e4 e6 2. Nf3 Nc6 3. d4 d5 4. e5 f6 5. Bb5 Bd7 6. O-O a6 7. Bxc6 bxc6 8. Be3
fxe5 9. Nxe5 Nf6 10. Re1 Bd6 11. Qe2 Qe7 12. Bf4 O-O 13. Nxd7 Qxd7 14. Bxd6 Qxd6
15. Qxe6+ Qxe6 16. Rxe6 Rae8 17. Rxe8 Rxe8 18. Nc3 Kf7 19. Kf1 Ke6 20. Re1+ Kd6
21. Rxe8 Nxe8 22. Na4 Nf6 23. Nc5 Ne4 24. Nxa6 Nd2+ 25. Ke2 Nc4 26. b3 Na3 27.
Kd3 g6 28. c4 dxc4+ 29. bxc4 h6 30. c5+ Kd7 31. h4 Kc8 32. g4 Nb5 33. f4 Kd7 34.
f5 gxf5 35. gxf5 Ke7 36. a4 Na7 37. Nxc7 Kf6 38. Ke4 Nc8 39. a5 Ne7 40. a6 Nc8
41. d5 cxd5+ 42. Nxd5+ Kf7 {Black resigns} 1-0

[Event "Team 45 45 League T36"]
[Site "Internet Chess Club"]
[Date "2008.03.15"]
[Round "8"]
[White "MeansToAnEnd"]
[Black "CoasterBrake"]
[Result "1-0"]
[WhiteElo "1010"]
[BlackElo "1099"]
[Opening "Caro-Kann defense"]
[ECO "B10"]
[Time "16:05:00"]
[TimeControl "2700+45"]

1. e4 c6 2. f4 d5 3. e5 Bf5 4. d4 Nd7 5. Bd3 Bxd3 6. Qxd3 Qa5+ 7. c3 c5 8. Bd2
Qb6 9. Nf3 c4 10. Qc2 e6 11. g4 O-O-O 12. g5 f6 13. h4 fxg5 14. Nxg5 h6 15. Nf7
Re8 16. Nxh8 h5 17. Qd1 Qxb2 18. Qxh5 Rd8 19. O-O Qxa1 20. Nf7 Qxa2 21. Nxd8
Kxd8 22. Qg5+ Be7 23. Qxg7 Bxh4 24. Qxg8+ Kc7 25. Qxe6 Qa6 26. Qxa6 bxa6 27. f5
Nf8 28. f6 Kd7 29. Rf4 Ng6 30. Rg4 {Black resigns} 1-0

[Event "Team 45 45 League T36"]
[Site "Internet Chess Club"]
[Date "2008.03.15"]
[Round "8"]
[White "sra66"]
[Black "strudel"]
[Result "1-0"]
[WhiteElo "1565"]
[BlackElo "1410"]
[Opening "QGD: 4.Bg5 Nbd7"]
[ECO "D51"]
[Time "13:10:46"]
[TimeControl "2700+45"]

1. d4 d5 2. c4 e6 3. Nc3 Nf6 4. Bg5 Nbd7 5. cxd5 exd5 6. e3 c6 7. Nf3 Qa5 8. Qc2
Bb4 9. Bd3 O-O 10. O-O Bxc3 11. bxc3 c5 12. c4 dxc4 13. Qxc4 cxd4 14. Qxd4 b6
15. Qh4 Ba6 16. Bxa6 Qxa6 17. Nd4 Qc4 18. Rfc1 Qa4 19. f3 Rac8 20. Nc6 Qa3 21.
e4 Rfe8 22. Rc2 Ra8 23. Rac1 b5 24. Qg3 Kh8 25. Qf4 Qf8 26. Qf5 a6 27. e5 Nxe5
28. Nxe5 Re6 29. Rc7 Rxe5 30. Qxe5 Kg8 31. Bxf6 gxf6 32. Qxf6 Qe8 33. Qg5+ Kh8
34. R7c5 Rb8 35. Qf6+ {Black resigns} 1-0

[Event "Team 45 45 League T36"]
[Site "Internet Chess Club"]
[Date "2008.03.14"]
[Round "8"]
[White "betto2506"]
[Black "slakkjaw"]
[Result "1/2-1/2"]
[WhiteElo "1288"]
[BlackElo "1271"]
[Opening "Scotch opening"]
[ECO "C44"]
[Time "23:12:38"]
[TimeControl "2700+45"]

1. e4 e5 2. Nf3 Nc6 3. d4 d5 4. Nxe5 Nxe5 5. dxe5 Be6 6. exd5 Qxd5 7. Qxd5 Bxd5
8. c4 Be6 9. Be2 Bc5 10. O-O Bd4 11. Nc3 Bxe5 12. Be3 Ne7 13. Bc5 Bxc3 14. bxc3
Ng6 15. Rfd1 b6 16. Bf3 Rb8 17. Bb4 c5 18. Bc6+ Ke7 19. Ba3 Rhd8 20. Rxd8 Rxd8
21. Bb5 Ne5 22. Re1 Rd3 23. Bb2 f6 24. f4 Rd2 25. fxe5 Rxb2 26. exf6+ Kxf6 27.
a4 Rc2 28. Re3 h6 29. g3 g5 30. Rf3+ Kg7 31. Re3 Rc1+ 32. Kf2 Rc2+ 33. Kg1 Rc1+
34. Kf2 Bh3 35. Re7+ Kf6 36. Rxa7 Rxc3 37. Rb7 Rc2+ 38. Ke3 Rc3+ 39. Kf2 Rc2+
40. Ke3 Rc3+ 41. Kf2 Rc2+ 42. Ke3 Rc3+ {Game drawn by repetition} 1/2-1/2

[Event "Team 45 45 League T36"]
[Site "Internet Chess Club"]
[Date "2008.03.15"]
[Round "8"]
[White "Renato77"]
[Black "N20863"]
[Result "0-1"]
[WhiteElo "1199"]
[BlackElo "1301"]
[Opening "Sicilian defense"]
[ECO "B30"]
[Time "19:00:22"]
[TimeControl "2700+45"]

1. e4 c5 2. Nf3 Nc6 3. Nc3 a6 4. d4 Nxd4 5. Nxd4 cxd4 6. Qxd4 e6 7. Bf4 Qf6 8.
e5 Qd8 9. O-O-O Ne7 10. Ne4 Nc6 11. Nd6+ Bxd6 12. Qxd6 Qe7 13. Qc7 O-O 14. h4 b5
15. Bg5 Qc5 16. Be3 Qxe5 17. Qb6 Rb8 18. Qc5 Qxc5 19. Bxc5 Rd8 20. Bd6 Ra8 21.
g4 Bb7 22. Bg2 Re8 23. h5 Na5 24. Bxb7 Nxb7 25. Bf4 d5 26. Rhe1 Nc5 27. f3 f6
28. Bd6 Nb7 29. Bc7 Rac8 30. Bb6 Rc6 31. Bf2 Nd6 32. b3 Kf7 33. Bh4 Rd8 34. g5
Nf5 35. g6+ hxg6 36. hxg6+ Kxg6 37. Rg1+ Kf7 38. Bf2 Rcd6 39. Bc5 Rc6 40. Bf2
Rdc8 41. Rd2 e5 42. Rgd1 d4 43. Kb2 Rc3 44. Rd3 Rxc2+ 45. Ka3 Rxf2 46. Kb4 Rxa2
47. Rh1 Rf2 48. Re1 Ne3 49. Ka5 Rc6 50. Rdxe3 dxe3 51. Rxe3 Ra2+ 52. Kb4 Rd6 53.
Kc5 Rad2 54. Kb4 R2d3 55. Kc5 Rxe3 56. Kxd6 Rxf3 57. b4 Rb3 58. Kc5 e4 59. Kb6
Ra3 60. Kc5 e3 61. Kd4 e2 62. Kc5 e1=Q 63. Kb6 Qxb4 64. Ka7 Qc5+ 65. Kb7 g5 66.
Ka8 Qc6+ 67. Ka7 g4 68. Kb8 g3 69. Ka7 g2 70. Kb8 f5 71. Ka7 g1=Q+ 72. Kb8 Qgb6#
{White checkmated} 0-1

[Event "Team 45 45 League T36"]
[Site "Internet Chess Club"]
[Date "2008.03.16"]
[Round "8"]
[White "kjs110"]
[Black "jocooper"]
[Result "1-0"]
[WhiteElo "966"]
[BlackElo "1174"]
[Opening "King's pawn opening"]
[ECO "B07"]
[Time "20:59:34"]
[TimeControl "2700+45"]

1. e4 d6 2. Nf3 Nf6 3. Nc3 c5 4. g3 e6 5. Bg2 Be7 6. O-O O-O 7. Re1 Nbd7 8. d4
cxd4 9. Qxd4 e5 10. Qd3 a6 11. Be3 Ng4 12. Nd5 Nxe3 13. Rxe3 Nc5 14. Qd2 Bf5 15.
exf5 f6 16. b4 Nd7 17. c4 Nb6 18. Nxb6 Qxb6 19. c5 dxc5 20. bxc5 Bxc5 21. Rb3
Qc7 22. Ne1 Rab8 23. Rc1 Rfd8 24. Qc2 b6 25. Nd3 Rbc8 26. Rc3 Qe7 27. Nxc5 Rxc5
28. Rxc5 bxc5 29. Qxc5 Qxc5 30. Rxc5 Rd1+ 31. Bf1 Kf8 32. Rc8+ Ke7 33. Kg2 a5
34. Rc7+ Rd7 35. Rxd7+ Kxd7 36. Kf3 Kc6 37. Ke4 Kc5 38. a3 g5 39. fxg6 hxg6 40.
h4 Kd6 41. Bb5 f5+ 42. Ke3 Kc5 43. Be8 Kc4 44. Bxg6 Kb3 45. h5 Kxa3 46. h6 a4
47. h7 {Black resigns} 1-0

[Event "Team 45 45 League T36"]
[Site "Internet Chess Club"]
[Date "2008.03.12"]
[Round "8"]
[White "CMerli"]
[Black "Gokhtra"]
[Result "1/2-1/2"]
[WhiteElo "2342"]
[BlackElo "2276"]
[Opening "Modern defense: Averbakh system"]
[ECO "A10"]
[Time "22:05:53"]
[TimeControl "2700+45"]

1. c4 g6 2. d4 Bg7 3. e4 d6 4. Nc3 Nd7 5. Nf3 e6 6. Be2 Ne7 7. O-O b6 8. Be3 Bb7
9. Qd2 h6 10. Rad1 Kf8 11. Ne1 Kg8 12. f4 Kh7 13. Nf3 a6 14. b4 Nf6 15. d5 exd5
16. cxd5 Re8 17. Bc4 Nxe4 18. Nxe4 Nf5 19. Qd3 Qe7 20. Neg5+ hxg5 21. Nxg5+ Kg8
22. Bf2 b5 23. Bb3 Qe2 24. Qh3 Nh6 25. Rc1 Rac8 26. Rc2 Qg4 27. Qf3 Qxf3 28.
Nxf3 Ng4 29. g3 Nf6 30. Rd1 Re7 31. a3 Rce8 32. Kg2 Ng4 33. h3 Nxf2 34. Kxf2 Bc8
35. g4 Re3 36. Rb1 R8e7 37. a4 Bb7 38. axb5 axb5 39. Ba2 Bc3 40. h4 Rd3 41. Re2
Bxd5 42. Bxd5 Rxe2+ 43. Kxe2 Rxd5 44. Rc1 Bxb4 45. Rxc7 Rc5 46. Rb7 Rc2+ 47. Kd1
Rc4 48. f5 gxf5 49. gxf5 Rc5 50. f6 Rf5 51. Ng5 Rxf6 52. Rxb5 Bc5 53. Ne4 Rf1+
54. Ke2 Rc1 55. Rb8+ Kg7 56. Rd8 Rh1 57. Nxd6 Bxd6 58. Rxd6 Rxh4 59. Kf3 f6 60.
Ra6 Kg6 61. Ra5 Rb4 62. Kg3 Rb1 63. Kf3 Rf1+ 64. Kg3 Rd1 65. Kf4 Rd4+ 66. Kf3
Rd1 67. Kg3 Rc1 68. Kf4 Rg1 69. Rb5 Rh1 70. Ra5 Rf1+ 71. Kg4 f5+ 72. Kg3 Rb1 73.
Ra4 Kg5 74. Kf3 Rb3+ 75. Kf2 Kf6 76. Ra6+ Kg5 77. Ra4 Rc3 78. Rb4 Ra3 79. Kg2
Re3 80. Ra4 Kf6 81. Kf2 Rh3 82. Kg2 Rb3 83. Kf2 Ke5 84. Ke2 f4 85. Kf2 Kf5 86.
Ra8 Rb2+ 87. Kf3 Rb3+ 88. Kf2 Rb5 89. Kf3 Rb3+ 90. Kf2 {Game drawn by
repetition} 1/2-1/2

[Event "Team 45 45 League T36"]
[Site "Internet Chess Club"]
[Date "2008.03.15"]
[Round "8"]
[White "Capamuerte"]
[Black "killer21"]
[Result "1-0"]
[WhiteElo "2235"]
[BlackElo "2244"]
[Opening "Nimzovich-Larsen attack: classical variation"]
[ECO "A01"]
[Time "15:10:26"]
[TimeControl "2700+45"]

1. b3 d5 2. Bb2 c5 3. e3 Nc6 4. Nf3 Bg4 5. h3 Bh5 6. Be2 e6 7. O-O Nf6 8. c4 Be7
9. cxd5 exd5 10. d4 O-O 11. dxc5 Bxc5 12. Nc3 Bg6 13. a3 a6 14. b4 Ba7 15. Qd2
Ne4 16. Nxe4 dxe4 17. Qc3 f6 18. Nh4 Qe7 19. Nxg6 hxg6 20. Rfd1 Rac8 21. Qb3+
Kh7 22. Rac1 Bb8 23. b5 axb5 24. Bxb5 Qc7 25. g3 Qb6 26. a4 Be5 27. Ba3 Rfd8 28.
Qe6 Rxd1+ 29. Rxd1 Rd8 30. Rc1 Bxg3 31. Qg4 Bxf2+ 32. Kxf2 Rd2+ 33. Kf1 Rd5 34.
Qxe4 Re5 35. Qh4+ Rh5 36. Qg3 Rg5 37. Qe1 Ne5 38. Be2 Rf5+ 39. Kg2 Qxe3 40. Qh4+
Qh6 41. Qxh6+ Kxh6 42. Rb1 g5 43. Rxb7 Ng6 44. Rb8 Nf4+ 45. Kf3 Rd5 46. Rh8+ Kg6
47. Bc4 Rd4 48. Rc8 Nxh3 49. a5 g4+ 50. Kg3 Ng5 51. Bb2 Rd7 52. a6 f5 53. Bb5
Re7 54. Bd4 Ne4+ 55. Kg2 f4 56. Re8 f3+ 57. Kh2 g3+ 58. Kh3 Rxe8 59. Bxe8+ Kf5
60. a7 f2 61. Bb5 {Black resigns} 1-0

[Event "Team 45 45 League T36"]
[Site "Internet Chess Club"]
[Date "2008.03.17"]
[Round "8"]
[White "alegro"]
[Black "valipop"]
[Result "0-1"]
[WhiteElo "2088"]
[BlackElo "2154"]
[Opening "Sicilian: Nimzovich-Rubinstein variation"]
[ECO "B29"]
[Time "08:36:55"]
[TimeControl "2700+45"]

1. e4 c5 2. Nf3 Nf6 3. e5 Nd5 4. c3 b6 5. Bc4 Bb7 6. O-O e6 7. d4 d6 8. Re1 Nd7
9. Bg5 Be7 10. Bxe7 Qxe7 11. Nbd2 O-O 12. exd6 Qxd6 13. Ne4 Qc7 14. Bd3 h6 15.
Rc1 Rac8 16. dxc5 Nxc5 17. Nxc5 Qxc5 18. Nd4 Nf6 19. Qe2 Rfd8 20. Rcd1 Qg5 21.
f3 Rc5 22. Bc2 Rcd5 23. Bb3 R5d6 24. Qe5 Qxe5 25. Rxe5 Nd7 26. Ree1 Nc5 27. Bc2
a6 28. Kf2 Bd5 29. b3 g6 30. Ke3 e5 31. Ne2 Kg7 32. c4 Bb7 33. Nc3 f5 34. Rxd6
Rxd6 35. Re2 Ne6 36. Kf2 Kf6 37. b4 Nf4 38. a3 Rd4 39. Bb3 Nd3+ 40. Kf1 Nc1 41.
Ba2 Nxa2 42. Rxa2 Rxc4 43. Na4 b5 44. Nc5 Bc8 45. Rd2 Rd4 46. Rc2 Rc4 47. Rxc4
bxc4 48. Ke2 Ke7 49. Kd2 Kd6 50. Kc3 Kd5 51. Na4 Be6 52. Nb6+ Kc6 53. Nxc4 Kd5
54. Nb6+ Kd6 55. Na4 Bd7 56. Nc5 Bb5 57. Nd3 g5 58. g3 Kd5 59. Kd2 e4 60. fxe4+
Kxe4 61. Ne1 f4 62. gxf4 gxf4 63. Nc2 f3 64. Ke1 Bd3 65. Na1 Ke3 {White resigns}
0-1

[Event "Team 45 45 League T36"]
[Site "Internet Chess Club"]
[Date "2008.03.16"]
[Round "8"]
[White "kingcapture"]
[Black "iwulu"]
[Result "0-1"]
[WhiteElo "2221"]
[BlackElo "2344"]
[Opening "French: Winawer (Nimzovich) variation"]
[ECO "C15"]
[Time "12:02:26"]
[TimeControl "2700+45"]

1. e4 e6 2. d4 d5 3. Nc3 Bb4 4. exd5 exd5 5. Bd3 c6 6. Ne2 Ne7 7. O-O Bg4 8. f3
Bf5 9. Ng3 Bg6 10. Nce2 Nd7 11. Nf4 Qb6 12. c3 Bd6 13. Nxg6 hxg6 14. f4 Qc7 15.
Qf3 O-O-O 16. Bd2 Rh4 17. Ne2 f5 18. Be1 Rh6 19. Bg3 Nf6 20. b4 Ne4 21. Qe3 Ng8
22. Bxe4 fxe4 23. Be1 g5 24. h3 gxf4 25. Nxf4 Ne7 26. Qg3 Rg6 27. Qh4 Rf8 28.
Bg3 Rxg3 29. Qxg3 Bxf4 30. Qxg7 Rg8 31. Qf7 Be3+ 32. Kh1 Qg3 33. Rg1 Bf4 34.
Qe6+ Kd8 {White resigns} 0-1

[Event "Team 45 45 League T36"]
[Site "Internet Chess Club"]
[Date "2008.03.14"]
[Round "8"]
[White "spacecadet"]
[Black "LeSacAttack"]
[Result "0-1"]
[WhiteElo "2026"]
[BlackElo "2242"]
[Opening "KGA: Gianutio counter-gambit"]
[ECO "C34"]
[Time "15:16:54"]
[TimeControl "2700+45"]

1. e4 e5 2. f4 exf4 3. Nf3 f5 4. e5 g5 5. d4 g4 6. Bc4 d5 7. exd6 gxf3 8. Bxf4
Bxd6 9. Qxf3 Qh4+ 10. g3 Qe7+ 11. Kd1 Qf6 12. Re1+ Ne7 13. Bb5+ c6 14. Nc3 O-O
15. Bc4+ Kh8 16. Qe3 Bxf4 17. gxf4 Ng6 18. Kd2 Na6 19. Rad1 Nc7 20. Kc1 b5 21.
Bb3 a5 22. a3 b4 23. Na4 bxa3 24. bxa3 Nb5 25. Nc5 Nxa3 26. Be6 Nb5 27. Bxc8
Rfxc8 28. Nd7 Qd6 29. Nb6 Re8 30. Qb3 Rxe1 31. Rxe1 Ra6 32. Re8+ Kg7 33. Rg8+
Kf6 34. d5 Qxf4+ 35. Kb1 Rxb6 {White resigns} 0-1

[Event "Team 45 45 League T36"]
[Site "Internet Chess Club"]
[Date "2008.03.16"]
[Round "8"]
[White "izit"]
[Black "Burning-Bush"]
[Result "1-0"]
[WhiteElo "2243"]
[BlackElo "2126"]
[Opening "Sicilian: Kan, Maróczy bind (Réti variation)"]
[ECO "B41"]
[Time "18:23:34"]
[TimeControl "2700+45"]

1. e4 c5 2. Nf3 a6 3. d4 cxd4 4. Nxd4 e6 5. c4 Nc6 6. Nc3 Qc7 7. Be3 Bb4 8. Qg4
g6 9. Nxc6 bxc6 10. Bd3 e5 11. Qf3 d5 12. exd5 cxd5 13. O-O Ne7 14. Qf6 Rg8 15.
Nxd5 Nxd5 16. cxd5 Qd6 17. Qh4 h5 18. Rac1 Bb7 19. Rfd1 g5 20. Bxg5 Qxd5 21. Bf1
Qe4 22. Qxh5 Qf5 23. h4 Bf3 24. Qh6 f6 25. gxf3 fxg5 26. Qc6+ Kf8 27. Qxa8+ Kg7
28. Qb7+ Kh8 29. Qxb4 Qxf3 30. Bg2 {Black resigns} 1-0

[Event "Team 45 45 League T36"]
[Site "Internet Chess Club"]
[Date "2008.03.18"]
[Round "8"]
[White "keisher415"]
[Black "Qui"]
[Result "1-0"]
[WhiteElo "2013"]
[BlackElo "1982"]
[Opening "Ruy Lopez: exchange, Bronstein variation"]
[ECO "C68"]
[Time "19:01:10"]
[TimeControl "2700+45"]

1. e4 e5 2. Nf3 Nc6 3. Bb5 a6 4. Bxc6 dxc6 5. O-O Qd6 6. d4 Bg4 7. dxe5 Bxf3 8.
Qxf3 Qxe5 9. Bf4 Qxb2 10. Nc3 Bd6 11. Rab1 Qa3 12. e5 Bb4 13. Rb3 Qa5 14. Ne4 h5
15. c3 Be7 16. Rxb7 Rd8 17. e6 Nf6 18. Bxc7 Qd5 19. Bxd8 {Black resigns} 1-0